 Dungeon Crawl Stone Soup version 0.28.0-45-g0d030f2227 (webtiles) character file.

Game seed: 3908537910635410069

2954 zeratav the Martial Artist (level 9, -8/61 HPs)
             Began as an Octopode Transmuter on Apr 7, 2022.
             Was an Initiate of Ashenzari.
             Shot with a bolt by a kobold (11 damage)
             ... on level 7 of the Dungeon.
             The game lasted 00:28:13 (12388 turns).

zeratav the Martial Artist (Octopode Transmuter)   Turns: 12388, Time: 00:28:14

Health: -8/61      AC:  1    Str: 14    XL:     9   Next: 81%
Magic:  10/12      EV: 16    Int: 15    God:    Ashenzari [......]
Gold:   228        SH:  0    Dex: 16    Spells: 4/12 levels left

rFire   . . .      SeeInvis .   g - +11 rapier of the People {freeze, rElec rC+ Str+4, short}
rCold   + . .      Faith    .   (no shield)
rNeg    . . .      Spirit   .   (helmet restricted)
rPois   .          Reflect  .   (no amulet)
rElec   +          Harm     .   (no ring)
rCorr   .          Rampage  .   (no ring)
Will    .....                   (no ring)
Stlth   ++++......              (no ring)
HPRegen 0.20/turn               (no ring)
MPRegen 0.13/turn               (no ring)
                                (no ring)
                                (no ring)

@: lethally poisoned (-8 -> -15), slowed, studying Shields, very slow
A: almost no armour, amphibious, 8 rings, camouflage 1, gelatinous body 1,
(nimble swimmer 1), tentacles
a: Renounce Religion, Curse Item


You were on level 7 of the Dungeon.
You worshipped Ashenzari.
Ashenzari was noncommittal.
You visited 2 branches of the dungeon, and saw 8 of its levels.
You also visited: Sewer.

You collected 453 gold pieces.
You spent 225 gold pieces at shops.


Innate Abilities, Weirdness & Mutations

You cannot wear most types of armour.
You are amphibious.
You can wear up to eight rings at the same time.
Your skin changes colour to match your surroundings (Stealth+).
Your rubbery body absorbs attacks. (AC +1, EV +1)
((You are camouflaged when in or above water. (Stealth+)))
You have tentacles for arms and can constrict up to eight enemies at once.


   Skills:
 + Level 5.6 Fighting
 + Level 5.9 Dodging
 - Level 5.0 Stealth
 * Level 8.7 Unarmed Combat
 - Level 2.0 Spellcasting
 + Level 6.0 Transmutations
 + Level 0.3 Ice Magic


You had 4 spell levels left.
You knew the following spells:

 Your Spells              Type           Power      Damage    Failure   Level
a - Beastly Appendage     Tmut           38%        N/A       1%          1
b - Spider Form           Tmut/Pois      10%        N/A       19%         3
c - Ice Form              Ice/Tmut       11%        N/A       52%         4

Your spell library contained the following spells:

 Spells                   Type           Power      Damage    Failure   Level
 Wereblood                Tmut           19%        N/A       2%          2
 Ignite Poison            Fire/Tmut/Pois 7%         N/A       28%         3
 Conjure Flame            Conj/Fire      1%         6-21      54%         3
 Dazzling Flash           Conj/Hex       2%         N/A       54%         3
 Iskenderun's Mystic Bla  Conj/Tloc      1%         2d3       91%         4
 Sticky Flame             Conj/Fire      1%         2d3       91%         4
 Starburst                Conj/Fire      0%         6d3       100%        6

Inventory:

Hand Weapons
 g - the +11 rapier of the People (weapon) {freeze, rElec rC+ Str+4, short}
   (You bought it in a shop on level 3 of the Dungeon)

   It freezes those it strikes, dealing additional cold damage.
   It can also slow down cold-blooded creatures.
   Str:       It affects your strength (+4).
   rC:        It protects you from cold.
   rElec:     It insulates you from electricity.
 p - the +7 long sword of Disharmony {pain, Str+3 Int+3 Stlth+, long}
   (You found it on level 4 of the Dungeon)

   In the hands of one skilled in necromantic magic, it inflicts extra damage on
   living creatures.
   Str:       It affects your strength (+3).
   Int:       It affects your intelligence (+3).
   Stlth:     It makes you more stealthy.
Missiles
 c - 2 boomerangs of dispersal {=f!fthrowing}
 i - 10 poisoned darts (quivered) {throwing}
Wands
 l - a wand of iceblast (8)
   (You found it on level 6 of the Dungeon)
 r - a wand of polymorph (8)
   (You took it off Ijyb on level 5 of the Dungeon)
Scrolls
 d - a scroll of enchant armour
 e - 3 scrolls of teleportation {@r4}
 h - 6 scrolls of noise {!r}
 k - a scroll of magic mapping {!r}
 n - a scroll of blinking {!r}
Potions
 a - 2 potions of curing {@q1}
 b - 2 potions of might {unknown}
 f - 2 potions of lignification {unknown}
 j - 3 potions of haste {unknown}
 q - a potion of heal wounds {unknown}

Dungeon Overview and Level Annotations

Branches:
Dungeon (7/15)             Temple (1/1) D:6           Sewer (visited)

Altars:
Ashenzari
Cheibriados
Gozag
Kikubaaqudgha
Makhleb
Nemelex Xobeh
Sif Muna
Trog
Uskayaw
Vehumet
Wu Jian
Xom
Yredelemnul
The Shining One

Shops:
D:3 (   D:5 (

Annotations:
D:3 2 runed translucent doors, skusey55's ghost, amateur DrBe
D:4 2 transporters, skusey55's ghost, amateur DrBe
D:5 1 runed translucent door, pkoi's ghost, novice DgBr

..# ###.# ##...###+###.
............ ## #.#.......
.# #.#.#..# .######
##......# #####K...(..
######....#..# #....KK...K.
.........###.###@##########
######....#......#
##......##### #......#
#...#..# #...#..# ##.##...
#.##.## #.##.#


You could see a kobold brigand and 2 kobolds.


Message History

A kobold comes into view. It is wielding a +0 club.
Casting: Spider Form (dangerous; 21% risk of failure)
Confirm with . or Enter, or press ? or * to list all spells.
You turn into a venomous arachnid creature.
The +11 rapier of the People {freeze, rElec rC+ Str+4, short} melds into your body.
The +11 rapier of the People {freeze, rElec rC+ Str+4, short} stops glowing.
The kobold shouts!
A kobold comes into view. It is wielding a +0 short sword.
MP[-3]
You lost 3 mp, and now have 9/12 mp.
The kobold shouts!
You bite the water moccasin!
You hear a shout!
The water moccasin completely misses you.
You closely miss the water moccasin.
The water moccasin completely misses you.
The water moccasin bites you.
You are poisoned.
The water moccasin poisons you!
HP[-4]
You take 4 damage, and now have 57/61 hp.
You closely miss the water moccasin.
You feel very sick.
The water moccasin completely misses you.
HP[-5]
You take 5 damage, and now have 52/61 hp.
You completely miss the water moccasin.
Your transformation is almost over.
You feel very sick. The water moccasin bites you.
HP[-4]
You take 4 damage, and now have 48/61 hp.
You bite the water moccasin!
You feel very sick.
The water moccasin completely misses you.
HP[-3]
You take 3 damage, and now have 45/61 hp.
You bite the water moccasin!
The water moccasin looks as sick as possible!
You feel sick. The water moccasin bites you.
HP[-5]
You take 5 damage, and now have 40/61 hp.
You bite the water moccasin!
You kill the water moccasin!
You feel sick.
The kobold unwields a +0 club.
The kobold wields a +0 hand crossbow.
The kobold shoots a bolt.
The bolt barely misses you.
A kobold brigand comes into view.
It is wielding a +0 dagger and quivering curare-tipped darts.
Your Transmutations skill increases to level 6!
HP[-1]
You take 1 damage, and now have 39/61 hp.
You feel sick. The kobold misses you.
A kobold comes into view. It is wielding a +0 dagger.
The kobold unwields a +0 hand crossbow.
The kobold wields a +0 club.
The kobold completely misses you.
HP[-2] MP[+1]
You take 2 damage, and now have 37/61 hp.
You completely miss the kobold.
You feel sick. The kobold completely misses you. The kobold misses you.
A kobold comes into view. It is wielding a +0 whip.
HP[-1]
You take 1 damage, and now have 36/61 hp.
You barely miss the kobold.
You feel sick. The kobold completely misses you.
The kobold hits you but does no damage.
HP[-1]
You take 1 damage, and now have 35/61 hp.
You barely miss the kobold.
You feel sick. The kobold misses you.
HP[-1]
You take 1 damage, and now have 34/61 hp.
You barely miss the kobold.
You feel sick. The kobold closely misses you. The kobold completely misses you.
HP[-1]
You take 1 damage, and now have 33/61 hp.
The kobold shouts!
You hit the kobold.
The kobold is poisoned.
Your transformation has ended.
The +11 rapier of the People {freeze, rElec rC+ Str+4, short} unmelds from your body.
The +11 rapier of the People {freeze, rElec rC+ Str+4, short} glows with a cold blue light!
You feel sick. The kobold completely misses you. The kobold barely misses you.
You feel sick.
You kill the kobold!
The kobold unwields a +0 club.
The kobold wields a +0 hand crossbow.
The kobold shoots a bolt.
The bolt hits you!
* * * LOW HITPOINT WARNING * * *
HP[-10]
You take 10 damage, and now have 23/61 hp.
You feel sick.
You are no longer poisoned.
The kobold shoots a bolt.
The bolt hits you!
* * * LOW HITPOINT WARNING * * *
HP[-12]
You take 12 damage, and now have 11/61 hp.
The kobold brigand throws a curare-tipped dart.
The curare-tipped dart hits you.
You are poisoned.
You have difficulty breathing.
* * * LOW HITPOINT WARNING * * *
You feel yourself slow down.
The kobold shoots a bolt.
The bolt hits you!
You die...

Skill      XL: |  1  2  3  4  5  6  7  8  9 |
---------------+----------------------------+-----
Stealth        | 1 2 3 4 5 |  5.0
Unarmed Combat | 4 5 6 7 8 |  8.7
Fighting       | 2 3 4 5 |  5.6
Dodging        | 3 4 5 |  5.9
Transmutations | 3 4 6 |  6.0
Spellcasting   | |  2.0
Ice Magic      | |  0.3

Action                   |  1- 3 |  4- 6 |  7- 9 || total
-------------------------+-------+-------+-------++-------
Melee: Unarmed           |    54 |    69 |    95 ||   218
       Kick              |    16 |     4 |     6 ||    26
       Constrict         |    21 |    20 |    26 ||    67
       Tentacles         |    15 |    20 |    24 ||    59
       Dagger            |    22 |    95 |    16 ||   133
       Punch             |     2 |     3 |     9 ||    14
       Rapier            |       |       |   106 ||   106
       Long sword        |       |       |     4 ||     4
Throw: Dart              |       |     8 |    16 ||    24
 Cast: Beastly Appendage |    26 |     8 |     3 ||    37
       Spider Form       |       |     9 |    13 ||    22
 Abil: End Transformatio |       |       |     1 ||     1
  Use: Scroll            |       |     1 |     7 ||     8
       Potion            |       |     1 |     1 ||     2
 Stab: Sleeping          |    12 |    15 |    15 ||    42
Armor: Skin              |    12 |     7 |     3 ||    22
Dodge: Dodged            |    40 |   106 |   152 ||   298

Levels and vault maps discovered:
D:1:      matt_arrival_grand_opening, layout_loops_ring, serial_forest,
          infiniplex_forest_end_1, infiniplex_forest_clump_cross,
          infiniplex_forest_lined_4_way, infiniplex_forest_end_1,
          infiniplex_forest_end_1, palyth_stone_intersect
D:2:      layout_loops_corners, amcnicky_mini_corridor_feature,
          wad_floor_pattern_1
D:3:      layout_basic, serial_shops, nicolae_lakefront_shop,
          ebering_ghost_sewer_f, minmay_goblin_outpost
D:4:      layout_loops_ring, pdpol_wu_jian_five_deadly_venoms,
          marbit_many_paths, portal_sewer_entry_b, gammafunk_ghost_arena,
          minmay_manual_mess
D:5:      layout_rooms, lemuel_blue_sif_altar, gammafunk_ghost_grave,
          nicolae_shop_firing_range, uniq_ijyb, uniq_blork_the_orc
D:6:      minmay_bubble_buster, layout_basic, lemuel_round_altar,
          eat_drink_and_be_merry_uskayaw, minmay_temple_entry_stoned_glass,
          uniq_menkaure, uniq_eustachio
D:7:      layout_loops_ring, nicolae_overflow_hidden_temple,
          lemuel_doored_altar, fedhas_ov_isle_minmay, elyvilon_altar_3,
          riverfiend_overflow_shadow_ancestor
Temple:   jpeg_temple_island

Notes
Turn   | Place    | Note
-------+----------+-------------------------------------------
     0 | D:1      | zeratav the Octopode Transmuter began the quest for the
                  | Orb.
     0 | D:1      | Reached XP level 1. HP: 13/13 MP: 3/3
     0 | D:1      | magus.rc [v1.9.6]
    78 | D:1      | Reached XP level 2. HP: 15/18 MP: 3/5
   290 | D:1      | Reached skill level 1 in Stealth
   610 | D:1      | Reached XP level 3. HP: 21/23 MP: 4/6
  1754 | D:2      | HP: 5/23 [poisoned by an adder]
  1757 | D:2      | HP: 2/23 [poisoned by an adder]
  2069 | D:2      | Reached XP level 4. HP: 10/28 MP: 7/7
  2072 | D:2      | HP: 6/28 [kobold/+0 short sword (3)]
  2075 | D:2      | HP: 2/28 [goblin/+0 club (4)]
  2490 | D:2      | Reached skill level 2 in Stealth
  2889 | D:2      | You add the spells Conjure Flame, Ignite Poison and Sticky
                  | Flame to your library.
  3152 | D:2      | Learned a level 3 spell: Spider Form
  3499 | D:3      | You pick up a book of Spectacle and begin reading...
  3499 | D:3      | You add the spells Dazzling Flash, Iskenderun's Mystic
                  | Blast and Starburst to your library.
  3501 | D:3      | Found a runed translucent door.
  3502 | D:3      | Noticed skusey55's ghost (amateur DrBe)
  3655 | D:3      | Reached skill level 4 in Unarmed Combat
  4141 | D:3      | Noticed a necrophage
  4160 | D:3      | Killed a necrophage
  4161 | D:3      | Reached skill level 2 in Fighting
  4161 | D:3      | Reached XP level 5. HP: 27/34 MP: 5/8
  4361 | D:3      | Found Ytwos's Antique Weapon Boutique.
  4385 | D:3      | Reached skill level 3 in Dodging
  4385 | D:3      | Reached skill level 3 in Stealth
  4385 | D:3      | Reached skill level 3 in Transmutations
  4385 | D:3      | Reached XP level 6. HP: 17/41 MP: 7/9
  5145 | D:3      | Found a runed translucent door.
  5342 | D:4      | Found a glowing drain.
  5352 | Sewer    | Entered a sewer
  5703 | Sewer    | Reached skill level 5 in Unarmed Combat
  5869 | Sewer    | HP: 8/41 [adder (5)]
  5870 | Sewer    | HP: 3/41 [adder (4)]
  6160 | Sewer    | Reached XP level 7. HP: 45/45 MP: 10/10
  6510 | D:4      | Reached skill level 3 in Fighting
  6510 | D:4      | Reached skill level 4 in Stealth
  6620 | D:4      | Found a transporter.
  6622 | D:4      | Noticed skusey55's ghost (amateur DrBe)
  6687 | D:4      | Identified a +2 robe of the Archmagi
  6871 | D:4      | Found a transporter.
  7018 | D:4      | Found an ornate altar of the Wu Jian Council.
  7141 | D:3      | Bought a steaming rapier for 225 gold pieces
  7141 | D:3      | Identified the +11 rapier of the People {freeze, rElec rC+
                  | Str+4} (You bought it in a shop on level 3 of the Dungeon)
  7376 | D:4      | Identified the +7 long sword of Disharmony {pain, Str+3
                  | Int+3 Stlth+}
  7444 | D:4      | Reached skill level 6 in Unarmed Combat
  7444 | D:4      | Reached XP level 8. HP: 52/52 MP: 11/11
  7465 | D:4      | Learned a level 4 spell: Ice Form
  7540 | D:4      | Reached skill level 4 in Dodging
  7577 | D:4      | Reached skill level 5 in Stealth
  7690 | D:4      | Reached skill level 4 in Transmutations
  7776 | D:4      | Found a broken altar of Ashenzari.
  7780 | D:4      | Became a worshipper of Ashenzari the Shackled
  7976 | D:5      | Entered Level 5 of the Dungeon
  8226 | D:5      | Reached skill level 4 in Fighting
  8441 | D:5      | Noticed Ijyb
  8462 | D:5      | Killed Ijyb
  8463 | D:5      | Reached skill level 7 in Unarmed Combat
  8497 | D:5      | Noticed Blork the orc
  8504 | D:5      | Killed Blork the orc
  8506 | D:5      | HP: 13/54 [poisoned by Blork the orc]
  8511 | D:5      | HP: 6/54 [poisoned by Blork the orc]
  8515 | D:5      | HP: 2/54 [poisoned by Blork the orc]
  8918 | D:5      | Found a shimmering blue altar of Sif Muna.
  9344 | D:5      | HP: 10/54 [ogre/+0 giant club (22)]
  9629 | D:5      | Reached XP level 9. HP: 59/59 MP: 12/12
  9667 | D:5      | Found a runed translucent door.
  9667 | D:5      | Noticed pkoi's ghost (novice DgBr)
  9758 | D:5      | Found Tyasyirch's Firing Range.
  9919 | D:6      | Found a staircase to the Ecumenical Temple.
  9930 | D:6      | Reached skill level 5 in Transmutations
  9943 | Temple   | Entered the Ecumenical Temple
 10496 | D:6      | Found an ancient bone altar of Kikubaaqudgha.
 10505 | D:6      | Reached skill level 5 in Dodging
 10526 | D:6      | Found a hide-covered altar of Uskayaw.
 10683 | D:6      | Noticed Menkaure
 10692 | D:6      | Killed Menkaure
 10729 | D:6      | Noticed Eustachio
 10840 | D:6      | Reached skill level 5 in Fighting
 10848 | D:6      | Reached skill level 8 in Unarmed Combat
 10849 | D:6      | Killed Eustachio
 11109 | D:6      | HP: 15/61 [poisoned by a scorpion]
 11114 | D:6      | HP: 11/61 [poisoned by a scorpion]
 12380 | D:7      | Reached skill level 6 in Transmutations
 12387 | D:7      | HP: 11/61 [kobold/bolt (11)]
 12388 | D:7      | HP: 3/61 [asphyx]
 12388 | D:7      | Shot with a bolt by a kobold

Vanquished Creatures
  Eustachio (D:6)
  Menkaure (D:6)
  4 water moccasins
  A hornet zombie (D:3)
  An ice beast (D:6)
  A black bear (D:5)
  A necrophage (D:3)
  A sky beast (D:6)
  3 ogres
  A phantom (D:6)
  Blork the orc (D:5)
  3 bullfrogs
  A scorpion (D:6)
  A wyvern skeleton (D:6)
  A water moccasin skeleton (D:6)
  A howler monkey (D:5)
  3 wights (D:4)
  A bullfrog zombie (D:6)
  2 hounds (D:4)
  A gnoll shaman (D:4)
  2 centaur zombies (D:6)
  2 orc priests
  2 jellies (D:4)
  2 bullfrog skeletons
  Ijyb (D:5)
  2 orc wizards
  4 iguanas
  8 gnolls
  5 river rats (Sewer)
  12 adders
  3 worms
  4 dart slugs
  18 orcs
  8 endoplasms
  6 giant cockroaches
  15 goblins
  2 hobgoblins
  2 jackals (Sewer)
  9 quokkas
  12 ball pythons
  14 bats
  6 frilled lizards
  2 jackal skeletons (D:4)
  10 kobolds
  6 rats
187 creatures vanquished.

Vanquished Creatures (others)
  2 withered plants (D:5)
2 creatures vanquished.

Grand Total: 189 creatures vanquished

Table legend:
 A = Non-vault XP
 B = Vault XP
 C = Vault XP percentage of total XP
 D = Non-vault monster count
 E = Vault monster count
 F = Vault count percentage of total count
                 A         B        C        D         E       F
            +---------+---------+-------+---------+---------+-------
      Total |    2536 |    1685 |  39.9 |     131 |      56 |  29.9
            +---------+---------+-------+---------+---------+-------
        D:1 |      49 |       0 |   0.0 |      30 |       0 |   0.0
        D:2 |      54 |       0 |   0.0 |      24 |       0 |   0.0
        D:3 |     347 |       9 |   2.5 |      16 |       5 |  23.8
        D:4 |     560 |     291 |  34.2 |      21 |       7 |  25.0
        D:5 |     746 |     134 |  15.2 |      29 |       2 |   6.5
        D:6 |     625 |    1077 |  63.3 |       9 |      12 |  57.1
        D:7 |     155 |       0 |   0.0 |       2 |       0 |   0.0
      Sewer |       0 |     174 | 100.0 |       0 |      30 | 100.0
            +---------+---------+-------+---------+---------+-------

Illustrated notes

Table legend:
 A = Kills in this place as a percentage of kills in entire the game.
 B = Kills by you in this place as a percentage of kills by you in the entire game.
 C = Kills by friends in this place as a percentage of kills by friends in the entire game.
 D = Other kills in this place as a percentage of other kills in the entire game.
 E = Experience gained in this place as a percentage of experience gained in the entire game.
 F = Experience gained in this place divided by the number of levels of this place that you have seen.
                   A       B       C       D       E      F
               +-------+-------+-------+-------+-------+----------------------
         Total | 100.0 | 100.0 |   N/A |   N/A | 100.0 | 469.0
       Dungeon |  84.0 |  84.0 |   N/A |   N/A |  95.9 | 578.1
         Sewer |  16.0 |  16.0 |   N/A |   N/A |   4.1 | 174.0
               +-------+-------+-------+-------+-------+----------------------

Table legend: (Time is in decaauts)
 A = Elapsed time spent in this place.
 B = Non-inter-level travel time spent in this place.
 C = Inter-level travel time spent in this place.
 D = Time resting spent in this place.
 E = Time spent auto-exploring this place.
 F = Levels seen in this place.
 G = Mean time per level.
                   A        B        C        D        E       F      G
               +--------+--------+--------+--------+--------+-----+--------+
         Total |  12348 |  11820 |    528 |   4512 |   4826 |   9 | 1372.0 |
       Dungeon |  10715 |  10211 |    504 |   3852 |   4324 |   7 | 1530.7 |
        Temple |    504 |    480 |     24 |      0 |    476 |   1 |  504.0 |
         Sewer |   1128 |   1128 |      0 |    660 |     26 |   1 | 1128.0 |
               +--------+--------+--------+--------+--------+-----+--------+

Top non-repeatable levels by time:
     D:3: 2082 daAuts
     D:2: 2047 daAuts
     D:5: 1922 daAuts
     D:6: 1913 daAuts
     D:4: 1400 daAuts
     D:1: 1299 daAuts
   Sewer: 1128 daAuts
  Temple: 504 daAuts
     D:7: 49 daAuts
